 Dungeon Crawl Stone Soup version 0.25-a0-105-g2289b3b9f1 (webtiles) character file.

Game seed: 12253718001052801759, levelgen mode: deterministic

37 vurker the Magician (level 3, -2/25 HPs)
             Began as a Mummy Fire Elementalist on Nov 16, 2019.
             Was an Initiate of Gozag.
             Slain by a sky beast (6 damage)
             ... on level 2 of the Dungeon.
             The game lasted 00:02:41 (1888 turns).

vurker the Magician (Mummy Fire Elementalist)       Turns: 1888, Time: 00:02:41

Health: -2/25      AC:  2    Str: 11    XL:     3   Next: 21%
Magic:  5/7        EV: 12    Int: 15    God:    Gozag
Gold:   24         SH:  0    Dex: 12    Spells: 7/8 levels left

rFire    x . .     SeeInvis .   c - +0 dagger
rCold    + . .     Gourm    .   (no shield)
rNeg     + + +     Faith    .   a - +0 robe
rPois    ∞         Spirit   .   (no helmet)
rElec    .         Reflect  .   (no cloak)
rCorr    .         Harm     .   (no gloves)
MR       .....                  (no boots)
Stlth    ++........             (no amulet)
HPRegen  0.08/turn              (no ring)
MPRegen  0.10/turn              (no ring)

@: very slightly contaminated
A: no food or potions, fire vulnerability, cold resistance 1, negative energy
resistance 3, torment resistance, unbreathing
a: Potion Petition, Call Merchant, Bribe Branch, Renounce Religion


You were on level 2 of the Dungeon.
You worshipped Gozag.
Gozag was noncommittal.
You were not hungry.

You visited 1 branch of the dungeon, and saw 3 of its levels.

You collected 29 gold pieces.
You paid 5 gold pieces to Gozag.

Inventory:

Hand Weapons
 c - a +0 dagger (weapon)
   (You took it off a goblin on level 1 of the Dungeon)
Armour
 a - a +0 robe (worn)
Scrolls
 b - 4 scrolls of amnesia {unknown}
 d - 5 scrolls of identify {unknown}
 e - a scroll of remove curse {unknown}
 f - a scroll of enchant weapon {unknown}


   Skills:
 + Level 0.6 Fighting
 - Level 1.5 Dodging
 - Level 1.5 Stealth
 * Level 3.3 Spellcasting
 * Level 1.5 Conjurations
 * Level 2.8 Fire Magic


You had 7 spell levels left.
You knew the following spells:

 Your Spells              Type           Power        Failure   Level  Hunger
a - Flame Tongue          Conj/Fire      #....        8%          1    N/A

Your spell library contained the following spells:

 Spells                   Type           Power        Failure   Level  Hunger
 Throw Flame              Conj/Fire      #.....       12%         2    N/A
 Conjure Flame            Conj/Fire      #.......     24%         3    N/A
 Inner Flame              Hex/Fire       #.......     32%         3    N/A
 Sticky Flame             Conj/Fire      #.......     61%         4    N/A
 Fireball                 Conj/Fire      #.........   91%         5    N/A

Dungeon Overview and Level Annotations

Branches:
Dungeon (3/15)

Altars:
Elyvilon
Gozag
Okawaru
Ru
Xom
The Shining One


Innate Abilities, Weirdness & Mutations

You do not eat or drink.
Your flesh is vulnerable to fire.
You are immune to poison.
Your flesh is cold resistant. (rC+)
You are immune to negative energy. (rN+++)
You are immune to unholy pain and torment.
You can survive without breathing.


Message History

There is a stone staircase leading down here.
You climb downwards.
There is a stone staircase leading up here.
There is a stone staircase leading down here.
You climb downwards.
There is a stone staircase leading up here.
You open the door.
A rat and a sky beast come into view.
Found 5 gold pieces.
Aim: a sky beast (resting)
You miscast Flame Tongue.
You are very lightly contaminated with residual magic.
Nothing appears to happen.
Aim: a sky beast (resting)
You miscast Flame Tongue.
Nothing appears to happen.
Aim: a sky beast The flame tongue hits the sky beast but does no damage.
The sky beast flickers out of sight!
Deactivating autopickup; reactivate with Ctrl-A.
Something hits you. Something shocks you.
You don't know that spell.
You don't know that spell.
There is a stone staircase leading up here.
Something hits you. Something shocks you.
* * * LOW HITPOINT WARNING * * *
You climb upwards.
Reactivating autopickup.
There is a stone staircase leading down here.
A sky beast appears from thin air!
The sky beast flickers out of sight!
Deactivating autopickup; reactivate with Ctrl-A.
There is a stone staircase leading up here.
A sky beast appears from thin air!
Reactivating autopickup.
The sky beast hits you.
* * * LOW HITPOINT WARNING * * *
The sky beast shocks you.
* * * LOW HITPOINT WARNING * * *
Aim: a sky beast (rain)
The flame tongue misses the sky beast.
The sky beast barely misses you.
Aim: a sky beast The flame tongue hits the sky beast!
The sky beast flickers out of sight!
Deactivating autopickup; reactivate with Ctrl-A.
Something hits you.
* * * LOW HITPOINT WARNING * * *
Something shocks you.
You die...
Your body crumbles into a pile of gold.

#................#.#
#..................#
#................### ###
#................# #..
#................## #..
#....!............## #..
##...........![.#..## #..
##.....#......###..####..
#######@###### ##..##...
#.{...# ##......#
#.....####..#....#
#..<.....≈.###....
#.....#######..##.
#.....# #...###. #.....#
#.### ## ###.### #.#
#.#######.#


There were no monsters in sight!

Vanquished Creatures
  A worm (D:2)
  A dart slug (D:2)
  4 bats (D:2)
  4 giant cockroaches (D:2)
  3 goblins
  4 hobgoblins
  3 jackals (D:1)
  A quokka (D:2)
  2 frilled lizards (D:2)
  4 kobolds (D:2)
  2 rats (D:2)
29 creatures vanquished.

Notes
Turn   | Place    | Note
-------+----------+-------------------------------------------
     0 | D:1      | vurker the Mummy Fire Elementalist began the quest for the
                  | Orb.
     0 | D:1      | Reached XP level 1. HP: 13/13 MP: 4/4
   230 | D:1      | Reached skill level 1 in Conjurations
   601 | D:1      | Reached skill level 3 in Spellcasting
   601 | D:1      | Reached XP level 2. HP: 19/19 MP: 4/6
   965 | D:2      | Found an iron altar of Okawaru.
  1301 | D:2      | Reached XP level 3. HP: 25/25 MP: 4/7
  1601 | D:2      | Found a shimmering altar of Xom.
  1627 | D:2      | Found an opulent altar of Gozag.
  1629 | D:2      | Found a white marble altar of Elyvilon.
  1632 | D:2      | Became a worshipper of Gozag Ym Sagoz the Greedy
  1636 | D:2      | Found a glowing golden altar of the Shining One.
  1637 | D:2      | Found a sacrificial altar of Ru.
  1847 | D:3      | Noticed a sky beast
  1888 | D:2      | Slain by a sky beast

Levels and vault maps discovered:
D:1:      lightli_arrival_statuegarden, layout_basic,
          kennysheep_decorative_pillar
D:2:      layout_rooms, nicolae_overflow_hidden_temple, minitemple
D:3:      layout_loops_corners, first_ration

Skill      XL: |  1 |
---------------+----+-----
Conjurations   | 1 |  1.5
Spellcasting   | 3 |  3.3
Fighting       | |  0.6
Dodging        | |  1.5
Stealth        | |  1.5
Fire Magic     | |  2.8

Action                   || total
-------------------------++-------
Melee: Dagger            ||    28
 Cast: Flame Tongue      ||    50
Armor: Robe              ||     8
Dodge: Dodged            ||    35

Table legend:
 A = Non-vault XP
 B = Vault XP
 C = Vault XP percentage of total XP
 D = Non-vault monster count
 E = Vault monster count
 F = Vault count percentage of total count
                 A         B        C        D         E       F
            +---------+---------+-------+---------+---------+-------
      Total |      53 |       0 |   0.0 |      29 |       0 |   0.0
            +---------+---------+-------+---------+---------+-------
        D:1 |      14 |       0 |   0.0 |       7 |       0 |   0.0
        D:2 |      39 |       0 |   0.0 |      22 |       0 |   0.0
            +---------+---------+-------+---------+---------+-------
